 Dungeon Crawl Stone Soup version 0.25-a0-404-gc1b5a34292 (webtiles) character file.

Game seed: 18002097137783538593, levelgen mode: deterministic

42 Jerej03 the Skirmisher (level 3, -3/33 HPs)
             Began as a Draconian Fighter on Jan 11, 2020.
             Slain by an ice beast (13 damage)
             ... on level 2 of the Dungeon.
             The game lasted 00:04:21 (812 turns).

Jerej03 the Skirmisher (Draconian Fighter)           Turns: 812, Time: 00:04:21

Health: -3/33      AC:  5    Str: 24    XL:     3   Next: 33%
Magic:  3/3        EV: 10    Int:  8    God:
Gold:   65         SH:  9    Dex: 10    Spells: 2/2 levels left

rFire    . . .     SeeInvis .   a - +0 rapier
rCold    . . .     Gourm    .   b - +0 shield
rNeg     . . .     Faith    .   (armour unavailable)
rPois    .         Spirit   .   (helmet restricted)
rElec    .         Reflect  .   (no cloak)
rCorr    .         Harm     .   (no gloves)
MR       .....                  (no boots)
Stlth    ++........             (no amulet)
HPRegen  0.11/turn              e - ring of stealth
MPRegen  0.08/turn              (no ring)

@: mighty, slowed, very slow
A: unfitting armour, cold-blooded, AC +5
a: no special abilities


You were on level 2 of the Dungeon.
You were not hungry.

You visited 1 branch of the dungeon, and saw 2 of its levels.

You collected 65 gold pieces.

Inventory:

Hand Weapons
 a - a +0 rapier (weapon)
Missiles
 g - 59 stones (quivered)
Armour
 b - a +0 shield (worn)
Jewellery
 e - a ring of stealth (left hand)
Scrolls
 f - a scroll of magic mapping
 h - a scroll of remove curse
 i - a scroll of identify
 j - 3 scrolls of teleportation
Potions
 c - 3 potions of might
Comestibles
 d - 2 rations


   Skills:
 + Level 3.7 Fighting
 + Level 2.4 Short Blades
 + Level 3.1 Dodging
 + Level 0.2 Stealth
 + Level 3.4 Shields


You had 2 spell levels left.
You didn't know any spells.
Your spell library was empty.

Dungeon Overview and Level Annotations

Branches:
Dungeon (2/15)

Altars:


Innate Abilities, Weirdness & Mutations

Your plain brown scales are hard. (AC +5)
You cannot fit into any form of body armour.
You are cold-blooded and may be slowed by cold attacks.


Message History

The ice beast barely misses you.
You hit the ice beast but do no damage. You tail-slap the ice beast.
The ice beast is lightly wounded.
You feel yourself speed up. You block the ice beast's attack.
The ice beast hits you. The ice beast freezes you!
You closely miss the ice beast.
The ice beast is lightly wounded.
The ice beast closely misses you.
You hit the ice beast.
The ice beast is lightly wounded.
You block the ice beast's attack.
There is a stone staircase leading up here.
You hit the ice beast but do no damage.
The ice beast is lightly wounded.
The ice beast hits you but does no damage.
You see here a hobgoblin corpse.
You feel very mighty all of a sudden. The ice beast hits you.
The ice beast freezes you!
You feel yourself slow down.
You die...

.. .# ## ..#############.##
.. ...............# .
#.#####.......## #%
#....<#........#
##.###..####........#
...........+........#
..#####.##..###........#
.........Y@...............
..#.###.#..).#########.#..)
#.#.##.# ..... #.#......
#.... .......### ...
#.###### #.# #.#


You could see an ice beast.

Vanquished Creatures
  2 oozes (D:1)
  A dart slug (D:1)
  4 giant cockroaches (D:1)
  2 goblins (D:1)
  6 hobgoblins
  6 kobolds
  A bat (D:1)
  A frilled lizard (D:1)
  7 rats (D:1)
30 creatures vanquished.

Notes
Turn   | Place    | Note
-------+----------+-------------------------------------------
     0 | D:1      | Jerej03 the Draconian Fighter began the quest for the Orb.
     0 | D:1      | Reached XP level 1. HP: 19/19 MP: 1/1
    89 | D:1      | Reached XP level 2. HP: 26/26 MP: 2/2
   259 | D:1      | Reached XP level 3. HP: 28/31 MP: 3/3
   795 | D:2      | Noticed an ice beast
   812 | D:2      | Slain by an ice beast

Levels and vault maps discovered:
D:1:      lemuel_arrival_cross, layout_rooms, serial_bayou, serial_bayou_lake_a,
          serial_bayou_pond_a, serial_bayou_pond_b
D:2:      layout_basic, nicolae_overflow_hidden_temple, bloody_trog,
          first_ration, uniq_natasha

Skill      XL: |  1  2 |
---------------+-------+-----
Dodging        | 3 |  3.1
Fighting       | |  3.7
Short Blades   | |  2.4
Stealth        | |  0.2
Shields        | |  3.4

Action                   || total
-------------------------++-------
Melee: Rapier            ||    81
       Tailslap          ||     7
  Use: Potion            ||     3
       Scroll            ||     5
 Stab: Sleeping          ||     2
Armor: Skin              ||    26
Dodge: Dodged            ||    33
Block: Shield            ||    33

Table legend:
 A = Non-vault XP
 B = Vault XP
 C = Vault XP percentage of total XP
 D = Non-vault monster count
 E = Vault monster count
 F = Vault count percentage of total count
                 A         B        C        D         E       F
            +---------+---------+-------+---------+---------+-------
      Total |      50 |      10 |  16.7 |      24 |       6 |  20.0
            +---------+---------+-------+---------+---------+-------
        D:1 |      46 |      10 |  17.9 |      22 |       6 |  21.4
        D:2 |       4 |       0 |   0.0 |       2 |       0 |   0.0
            +---------+---------+-------+---------+---------+-------
